 Dungeon Crawl Stone Soup version 0.23-a0-106-g63f3d0bd30 (webtiles) character file.

1043 Nilun the Covert (level 8, -1/40 HPs)
             Began as a Vine Stalker Assassin on Aug 20, 2018.
             Slain by Pikel
             ... wielding a +1 whip of freezing
              (4 damage)
             ... on level 5 of the Dungeon.
             The game lasted 00:10:57 (3313 turns).

Nilun the Covert (Vine Stalker Assassin)            Turns: 3313, Time: 00:11:00

Health: -1/40      AC:  4    Str: 18    XL:     8   Next: 25%
Magic:  0/9        EV: 13    Int: 11    God:
Gold:   297        SH:  0    Dex: 19    Spells: 7/7 levels left

rFire    . . .     SeeInvis .   a - +2 dagger
rCold    . . .     Gourm    .   (no shield)
rNeg     . . .     Faith    .   c - +0 robe
rPois    .         Spirit   +   (no helmet)
rElec    .         Reflect  .   u - scarf {cloud immunity}
rCorr    .         Harm     .   n - +1 pair of gloves
MR       +....                  (no boots)
Stlth    ++++++....             (no amulet)
HPRegen  0.53/turn              h - +1 ring of slaying
MPRegen  0.11/turn              j - ring of stealth

@: mighty
A: fangs 3, regeneration 1, magic shield, antimagic bite, no potion heal 3, rot
immunity
a: no special abilities


You were on level 5 of the Dungeon.
You were hungry.

You visited 1 branch of the dungeon, and saw 5 of its levels.

You collected 297 gold pieces.

Inventory:

Hand Weapons
 a - a +2 dagger (weapon)
 b - a +0 blowgun
Missiles
 e - 8 poisoned needles
 C - 2 curare-tipped needles
Armour
 c - a +0 robe (worn)
 d - a +0 cloak
 n - a +1 pair of gloves (worn)
 u - a scarf of cloud immunity (worn)
Jewellery
 h - a +1 ring of slaying (left hand)
 j - a ring of stealth (right hand)
 v - a cursed ring of teleportation {unknown}
 x - an uncursed amulet of inaccuracy
Scrolls
 k - 2 scrolls of magic mapping
 w - 3 scrolls of remove curse
 y - a scroll of noise {unknown}
 B - 3 scrolls of teleportation {unknown}
 D - a scroll of blinking {unknown}
 F - 2 scrolls of identify {unknown}
Potions
 i - a potion of ambrosia {unknown}
 l - a potion of resistance {unknown}
 m - 3 potions of curing {unknown}
 o - 2 potions of brilliance {unknown}
 p - 2 potions of heal wounds {unknown}
 r - 4 potions of cancellation {unknown}
 s - 2 potions of agility {unknown}
 t - a potion of magic {unknown}
 z - a potion of lignification {unknown}
 A - a potion of degeneration {unknown}
 E - 2 potions of invisibility {unknown}
 G - a potion of flight {unknown}
Comestibles
 g - 6 rations


   Skills:
 + Level 3.3 Fighting
 + Level 4.4 Short Blades
 + Level 3.1 Throwing
 + Level 2.3 Dodging
 + Level 9.6 Stealth


You had 7 spell levels left.
You didn't know any spells.
Your spell library contained the following spells:

 Spells                   Type           Power        Failure   Level  Hunger
 Animate Skeleton         Necr           N/A          34%         1    ##.....
 Apportation              Tloc           #.....       34%         1    ##.....
 Confusing Touch          Hex            #.....       34%         1    ##.....
 Corona                   Hex            #......      34%         1    ##.....
 Summon Small Mammal      Summ           #...         34%         1    ##.....
 Ensorcelled Hibernation  Hex/Ice        #.....       47%         2    ###....
 Confuse                  Hex            #.......     71%         3    ####...
 Dazzling Spray           Conj/Hex       #.....       71%         3    ####...
 Tukima's Dance           Hex            #.......     71%         3    ####...


Dungeon Overview and Level Annotations

Branches:
Dungeon (5/15)
 Temple: D:4-7

Altars:
Elyvilon
Okawaru
Xom
Zin
The Shining One

Shops:
D:4 (   D:5 *![*

Annotations:
D:5 Pikel


Innate Abilities, Weirdness & Mutations

You have razor-sharp teeth.
Your natural rate of healing is unusually fast.
When hurt, damage is shared between your health and your magic reserves.
Your bite disrupts and absorbs the magic of your enemies.
Potions cannot restore your health.
You are immune to rotting.


Message History

Pikel is heavily wounded.
The slave hits you. Pikel hits you with a whip of freezing. Pikel freezes you.
You hit Pikel. Your bite misses Pikel.
Pikel is heavily wounded.
The slave hits you. Pikel hits you with a whip of freezing. Pikel freezes you.
Quiver which item? (- for none, * to show all) (? for menu, Esc to quit)
Okay, then.
Quiver which item? (- for none, * to show all) (? for menu, Esc to quit)
Okay, then.
You feel very mighty all of a sudden. The slave hits you.
* * * LOW HITPOINT WARNING * * *
Pikel completely misses you.
The slave shouts!
You hit Pikel.
Pikel is severely wounded.
The slave hits you!
* * * LOW HITPOINT WARNING * * *
Pikel hits you with a whip of freezing.
You die...

.........∩.#.∩...#
##....
#######.♣.♣.♣.♣p##
#.#.. #..#.⌠.#..#
#.#.. #.♣.♣.♣.♣.#
#.### #..∩.#.∩..##
#.#
#.♣.♣.♣.♣..#......
#..p.........#
###p########.# #@#
.# #K# . #.. ....
#####


You could see Pikel and 3 slaves.

Vanquished Creatures
  Sigmund (D:3)
  A slave (D:4)
  2 phantoms
  2 ogres (D:4)
  2 centaurs
  A scorpion (D:5)
  A jelly (D:5)
  A hound (D:4)
  2 orc priests
  2 worker ants (D:4)
  Natasha (twice) (D:3)
  A worker ant zombie (D:4)
  5 adders
  2 oozes
  4 worms
  A dart slug (D:3)
  5 leopard geckos
  7 orcs
  A ball python (D:3)
  2 bats
  A giant cockroach (D:3)
  7 goblins
  5 hobgoblins
  A quokka (D:3)
  3 frilled lizards
  7 kobolds
  A leopard gecko zombie (D:4)
  9 rats
79 creatures vanquished.

Notes
Turn   | Place    | Note
-------+----------+-------------------------------------------
     0 | D:1      | Nilun the Vine Stalker Assassin began the quest for the Orb.
     0 | D:1      | Reached XP level 1. HP: 11/11 MP: 2/2
   177 | D:1      | Reached skill level 5 in Stealth
   227 | D:1      | Reached XP level 2. HP: 15/15 MP: 3/3
   806 | D:1      | Reached skill level 1 in Dodging
   806 | D:1      | Reached XP level 3. HP: 16/18 MP: 4/4
  1127 | D:2      | Found a glowing golden altar of the Shining One.
  1152 | D:2      | Found a white marble altar of Elyvilon.
  1155 | D:2      | Found an iron altar of Okawaru.
  1162 | D:2      | Found a shimmering altar of Xom.
  1220 | D:2      | Reached skill level 6 in Stealth
  1502 | D:3      | Gained mutation: Your natural rate of healing is unusually fast. [Vine Stalker growth]
  1502 | D:3      | Reached XP level 4. HP: 19/23 MP: 5/5
  1593 | D:3      | Noticed a centaur
  1606 | D:3      | HP: 1/23 [centaur (4)]
  1607 | D:3      | Killed a centaur
  1607 | D:3      | Reached XP level 5. HP: 1/26 MP: 0/6
  1756 | D:3      | Noticed Sigmund
  1804 | D:3      | Killed Sigmund
  1804 | D:3      | Reached skill level 7 in Stealth
  1804 | D:3      | Reached XP level 6. HP: 13/32 MP: 2/7
  1924 | D:3      | Noticed Natasha
  1931 | D:3      | Killed Natasha
  1960 | D:3      | Noticed Natasha
  1977 | D:3      | Killed Natasha
  2346 | D:3      | Found a glowing silver altar of Zin.
  2346 | D:3      | Noticed an angel
  2519 | D:4      | Found Ixzuasok's Antique Weapon Shoppe.
  2581 | D:4      | Reached XP level 7. HP: 35/35 MP: 8/8
  2592 | D:4      | Reached skill level 8 in Stealth
  3137 | D:5      | Entered Level 5 of the Dungeon
  3186 | D:5      | Reached skill level 9 in Stealth
  3188 | D:5      | Gained mutation: You have razor-sharp teeth. [Vine Stalker growth]
  3188 | D:5      | Reached XP level 8. HP: 40/40 MP: 9/9
  3210 | D:5      | Found Viucutep's Antique Armour Shoppe.
  3212 | D:5      | Found Tagat's General Store.
  3213 | D:5      | Found Zulasuf's Distillery.
  3227 | D:5      | Found Xaatall's Assorted Antiques.
  3292 | D:5      | Noticed Pikel
  3313 | D:5      | Slain by Pikel

Vault maps used:
D:1:      evilmike_arrival_rings
D:2:      tso_metal_star, nicolae_overflow_hidden_temple
D:3:      cheibrodos_helix_gallery, zin_angel, uniq_sigmund, uniq_natasha
D:4:      serial_shops, nicolae_shop_stone, first_ration
D:5:      grunt_ministairs_1, minmay_shop_grid_forest, uniq_pikel, uniq_duvessa

Skill      XL: |  1  2  3  4  5  6  7 |
---------------+----------------------+-----
Stealth        | 5 6 7 9 |  9.6
Short Blades   | 2 3 4 |  4.4
Fighting       | 2 3 |  3.3
Dodging        | 1 2 |  2.3
Throwing       | 2 3 |  3.1

Action                   |  1- 3 |  4- 6 |  7- 9 || total
-------------------------+-------+-------+-------++-------
Melee: Dagger            |    79 |    80 |    88 ||   247
       Bite              |    20 |    18 |    25 ||    63
 Fire: Blowgun           |     4 |     8 |       ||    12
  Use: Scroll            |     3 |       |       ||     3
       Potion            |       |       |     1 ||     1
 Stab: Sleeping          |     9 |     7 |     8 ||    24
       Distracted        |       |     1 |     2 ||     3
  Eat: Chunk             |     2 |     3 |     2 ||     7
Armor: Robe              |    12 |     4 |    10 ||    26
Dodge: Dodged            |    32 |    28 |    31 ||    91

Table legend:
 A = Non-vault XP
 B = Vault XP
 C = Vault XP percentage of total XP
 D = Non-vault monster count
 E = Vault monster count
 F = Vault count percentage of total count
                 A         B        C        D         E       F
            +---------+---------+-------+---------+---------+-------
      Total |    1245 |     246 |  16.5 |      74 |       4 |   5.1
            +---------+---------+-------+---------+---------+-------
        D:1 |      46 |       0 |   0.0 |      24 |       0 |   0.0
        D:2 |      27 |       0 |   0.0 |       7 |       0 |   0.0
        D:3 |     259 |     246 |  48.7 |      21 |       4 |  16.0
        D:4 |     511 |       0 |   0.0 |      12 |       0 |   0.0
        D:5 |     402 |       0 |   0.0 |      10 |       0 |   0.0
            +---------+---------+-------+---------+---------+-------
